 Dungeon Crawl Stone Soup version 0.13-a0-1585-g6f4f798 (webtiles) character file.

715 Kae the Chiller (level 7, -5/46 HPs)
             Began as a Demonspawn Ice Elementalist on June 12, 2013.
             Was a Follower of Kikubaaqudgha.
             Slain by Menkaure (17 damage)
             ... on Level 4 of the Dungeon.
             The game lasted 00:11:03 (4457 turns).

Kae the Chiller (Demonspawn Ice Elementalist)       Turns: 4457, Time: 00:11:03

HP  -5/46        AC  2     Str  9      XL: 7   Next:  7%
MP   9/15        EV 13     Int 18      God: Kikubaaqudgha [*.....]
Gold 167         SH  0     Dex 13      Spells:  2 memorised, 10 levels left

Res.Fire  : . . .   See Invis. : .   C - +4,+3 orc dagger
Res.Cold  : . . .   Warding    : .   w - -1 orc robe
Life Prot.: . . .   Conserve   : .   (no shield)
Res.Poison: .       Res.Corr.  : +   o - +0 wizard hat
Res.Elec. : .       Clarity    : .   (no cloak)
Sust.Abil.: . .     Spirit.Shd : .   (no gloves)
Res.Mut.  : .       Stasis     : .   (no boots)
Res.Rott. : .       Flight     : .   d - amulet of resist corrosion
Saprovore : . . .                    n - ring of teleport control
                                     s - +1 ring of evasion

@: slightly resistant to hostile enchantments, fairly stealthy
A: horns 1, spiny 1, AC +1
a: Receive Corpses, Renounce Religion, Evoke Teleport Control


You were on level 4 of the Dungeon.
You worshipped Kikubaaqudgha.
Kikubaaqudgha was most pleased with you.
You were not hungry.

You visited 1 branch of the dungeon, and saw 4 of its levels.

You collected 147 gold pieces.

Inventory:

Hand weapons
 x - a +0,+1 orcish hand axe of flaming (quivered)
 C - a +4,+3 orcish dagger (weapon)
Armour
 a - a +0 robe
 o - a +0 wizard hat (worn)
 w - a -1 orcish robe (worn)
Magical devices
 h - a wand of random effects (12) {unknown}
Comestibles
 c - a bread ration
 f - an apple
 g - a choko
 i - 3 meat rations
 A - a sausage
 D - a pear
 E - 2 chunks of gnoll flesh
Scrolls
 j - 3 scrolls of blinking
 l - 2 scrolls of identify
 p - a scroll of enchant weapon II {unknown}
 q - a scroll of enchant armour {unknown}
 t - a scroll of magic mapping {unknown}
 v - a scroll of fog
 B - 2 scrolls of remove curse
Jewellery
 d - an amulet of resist corrosion (around neck)
 k - an uncursed ring of teleport control
 n - a ring of teleport control (right hand)
 s - a +1 ring of evasion (left hand)
Potions
 e - a potion of agility
 m - 2 potions of heal wounds
 r - a potion of restore abilities {unknown}
 u - a potion of resistance {unknown}
 z - 2 potions of magic {unknown}
Books
 b - a book of Frost

   Spells                             Type                      Level
   *Freeze                            Ice                          1
   *Throw Frost                       Conjuration/Ice              2
   Ozocubu's Armour                   Charms/Ice                   3
   Throw Icicle                       Conjuration/Ice              4
   Summon Ice Beast                   Ice/Summoning                4
   Condensation Shield                Ice                          4
 y - Kikubaaqudgha's Incunabulum of Necromancy
   (Kikubaaqudgha gifted it to you on level 3 of the Dungeon)

   Spells                             Type                      Level
   Animate Skeleton                   Necromancy                   1
   Lethal Infusion                    Charms/Necromancy            2
   Corpse Rot                         Necromancy                   2
   Vampiric Draining                  Necromancy                   3
   Control Undead                     Necromancy                   4


   Skills:
 - Level 1.7 Dodging
 - Level 1.7 Stealth
 + Level 3.7 Spellcasting
 * Level 1.2 Conjurations
 + Level 6.2 Ice Magic


You had 10 spell levels left.
You knew the following spells:

 Your Spells              Type           Power        Failure   Level  Hunger
a - Freeze                Ice            ####         1%          1    None
b - Throw Frost           Conj/Ice       ###...       6%          2    ##.....


Dungeon Overview and Level Annotations

Branches:
Dungeon (4/27)
 Temple: D:4-7

Altars:
Kikubaaqudgha

Annotations
D:3 exclusions: door and orc
D:4 Grinder, Menkaure


Innate Abilities, Weirdness & Mutations

You have a pair of small horns on your head.
You are partially covered in molten scales (AC +1).
You are partially covered in sharp spines.


Message History

* * * LOW HITPOINT WARNING * * *
Casting: Freeze
Confirm with . or Enter, or press ? or * to list all spells.
Aiming: Freeze
Press: ? - help, Shift-Dir - straight line, f/p - Menkaure
Aim: Menkaure (severely damaged, moving very quickly)
You freeze Menkaure.
Menkaure resists.
Menkaure is almost destroyed.
Menkaure dodges your spines. Menkaure hits you.
* * * LOW HITPOINT WARNING * * *
Casting: Freeze
Confirm with . or Enter, or press ? or * to list all spells.
Aiming: Freeze
Press: ? - help, Shift-Dir - straight line, f/p - Menkaure
Aim: Menkaure (almost destroyed, moving very quickly)
You freeze Menkaure.
Menkaure resists.
Menkaure is almost destroyed.
Menkaure dodges your spines. Menkaure hits you!
You die...
Kikubaaqudgha rasps: "You have failed me!
Welcome... death!"

#..# #..# ##.. .# ##.# #..#
####... .# #.# #..####.....<
.# #.# #............ .# #.#
#.#.###...... .# #.# #.#.#
#%.#... .# #.####.#.###(.####
.# #########....#....[%.....>
.#
####......gM@...#.#.###..####
.####..........#)...#.#.#
#..#
.........#####.#.#.##.#.#
#..# ......####
#....#.##...###..# #######
#.....#...........# #
#.............###### #
##.....######.# # ##...## #.#
# ##.## #.#


You could see Menkaure and a hobgoblin.

Vanquished Creatures
  Edmund (D:4)
  A hound (D:3)
  3 orc wizards
  2 scorpions (D:4)
  A worker ant (D:4)
  Ijyb (D:2)
  6 adders
  9 gnolls
  A giant mite (D:4)
  A worm (D:2)
  4 giant geckos
  An ooze (D:1)
  14 orcs
  3 giant cockroaches
  9 goblins
  3 hobgoblins
  4 jackals (D:4)
  10 kobolds
  A ball python (D:2)
  9 bats
  2 giant newts (D:2)
  A hobgoblin skeleton (D:4)
  2 quokkas
  3 rats
  2 toadstools (D:1)
94 creatures vanquished.

Vanquished Creatures (others)
  A human (D:2)
  3 toadstools (D:1)
4 creatures vanquished.

Grand Total: 98 creatures vanquished

Notes
Turn   | Place    | Note
--------------------------------------------------------------
     0 | D:1      | Kae, the Demonspawn Ice Elementalist, began the quest for the Orb.
     0 | D:1      | Reached XP level 1. HP: 13/13 MP: 3/3
   239 | D:1      | Reached skill level 3 in Ice Magic
   417 | D:1      | Gained mutation: You are partially covered in sharp spines. [demonic ancestry]
   417 | D:1      | Reached XP level 2. HP: 11/19 MP: 1/4
   421 | D:1      | Learned a level 2 spell: Throw Frost
   801 | D:2      | Noticed Ijyb
   930 | D:2      | Killed Ijyb
   930 | D:2      | Reached XP level 3. HP: 13/24 MP: 3/6
  1001 | D:2      | Found an ancient bone altar of Kikubaaqudgha.
  1001 | D:2      | Noticed a human
  1004 | D:2      | Killed a human
  1045 | D:2      | Became a worshipper of Kikubaaqudgha
  1719 | D:2      | Gained mutation: You are partially covered in molten scales (AC +1). [demonic ancestry]
  1719 | D:2      | Reached XP level 4. HP: 17/30 MP: 4/8
  1914 | D:3      | Reached skill level 4 in Ice Magic
  2191 | D:3      | Reached XP level 5. HP: 28/35 MP: 8/10
  2424 | D:3      | Acquired Kikubaaqudgha's first power
  2424 | D:3      | Received a gift from Kikubaaqudgha
  2426 | D:3      | Identified Kikubaaqudgha's Incunabulum of Necromancy (Kikubaaqudgha gifted it to you on level 3 of the Dungeon)
  2850 | D:4      | Reached skill level 5 in Ice Magic
  3023 | D:4      | Noticed Edmund
  3036 | D:4      | HP: 1/35 [Edmund/ dagger (2)]
  3056 | D:4      | Killed Edmund
  3056 | D:4      | Gained mutation: You have a pair of small horns on your head. [demonic ancestry]
  3056 | D:4      | Reached XP level 6. HP: 3/41 MP: 1/13
  3262 | D:4      | Noticed Menkaure
  3692 | D:4      | Noticed Grinder
  3697 | D:4      | Paralysed by Grinder for 4 turns
  3850 | D:4      | Reached skill level 6 in Ice Magic
  4070 | D:4      | Reached XP level 7. HP: 41/46 MP: 11/15
  4457 | D:4      | Slain by Menkaure

Action                   |  1- 3 |  4- 6 |  7- 9 || total
-------------------------+-------+-------+-------++-------
Melee: Unarmed           |    37 |     8 |       ||    45
       Dagger            |       |    11 |       ||    11
Throw: Hand axe          |       |     1 |       ||     1
 Cast: Freeze            |    53 |   110 |    19 ||   182
 Abil: Evoke Teleport Co |       |     1 |       ||     1
  Use: Scroll            |     1 |     5 |       ||     6
       Potion            |       |     4 |       ||     4
 Stab: Sleeping          |     1 |       |       ||     1
